 Dungeon Crawl Stone Soup version 0.13.0-11-g0187522 (webtiles) character file.

839 Leibowitz the Ducker (level 7, -8/44 HPs)
             Began as a Kobold Berserker on Oct 18, 2013.
             Was an Elder of Trog.
             Mangled by a goliath beetle (30 damage)
             ... on Level 6 of the Dungeon.
             The game lasted 00:13:34 (5408 turns).

Leibowitz the Ducker (Kobold Berserker)             Turns: 5408, Time: 00:13:37

HP  -8/44        AC  5     Str 17      XL: 7   Next: 23%
MP   6/6         EV 18     Int  5      God: Trog [****..]
Gold 394         SH  0     Dex 16      Spells:  0 memorised,  6 levels left

Res.Fire  : . . .   See Invis. : .   b - +0 blowgun
Res.Cold  : . . .   Warding    : .   h - +0 robe
Life Prot.: + . .   Conserve   : .   (no shield)
Res.Poison: .       Res.Corr.  : .   (no helmet)
Res.Elec. : .       Clarity    : .   p - +2 elf cloak
Sust.Abil.: . .     Spirit.Shd : .   (no gloves)
Res.Mut.  : .       Stasis     : .   (no boots)
Res.Rott. : .       Flight     : .   (no amulet)
Saprovore : + + .                    (no ring)
                                     g - ring of positive energy {unknown}

@: exhausted, slowed, very slow, slightly resistant to hostile enchantments,
quite stealthy
A: disease resistance, carnivore 3, saprovore 2
a: Burn Spellbooks, Berserk, Trog's Hand, Brothers in Arms, Renounce Religion


You were on level 6 of the Dungeon.
You worshipped Trog.
Trog was greatly pleased with you.
You were not hungry.

You visited 1 branch of the dungeon, and saw 6 of its levels.

You collected 374 gold pieces.

Inventory:

Hand weapons
 a - a +0,+0 dwarven short sword
 b - a +0 blowgun (weapon)
 q - a +0,+0 short sword
Missiles
 t - 15 poisoned needles (quivered)
Armour
 h - a +0 robe (worn)
 p - a +2 elven cloak (worn)
Magical devices
 k - a wand of enslavement (8)
 y - a wand of cold (9) {unknown}
Comestibles
 A - 2 meat rations
Scrolls
 c - a scroll of enchant armour {unknown}
 d - 3 scrolls of enchant weapon II {unknown}
 e - 2 scrolls of random uselessness {unknown}
 f - a scroll of enchant weapon I {unknown}
 i - 7 scrolls of identify {unknown}
 j - a scroll of teleportation {unknown}
 l - 4 scrolls of curse jewellery {unknown}
 n - a scroll of blinking {unknown}
 s - 5 scrolls of remove curse {unknown}
 u - a scroll of curse armour {unknown}
 v - a scroll of fog {unknown}
 w - 2 scrolls of fear {unknown}
 x - 2 scrolls of noise {unknown}
Jewellery
 g - a ring of positive energy (left hand) {unknown}
Potions
 m - 2 potions of resistance {unknown}
 o - 5 potions of curing {unknown}
 r - 3 potions of brilliance {unknown}
 z - a potion of confusion {unknown}
 B - a potion of might {unknown}
 C - a potion of degeneration {unknown}
 D - 3 potions of heal wounds {unknown}


   Skills:
 * Level 4.7 Fighting
 + Level 5.5 Short Blades
 + Level 1.5 Armour
 * Level 6.0 Dodging
 * Level 4.0 Stealth


You had 6 spell levels left.
You didn't know any spells.

Dungeon Overview and Level Annotations

Branches:
Dungeon (6/27)
 Temple: D:4-7          Orc: D:6-11

Altars:
Ashenzari
Okawaru
the Shining One


Innate Abilities, Weirdness & Mutations

You recuperate from illness quickly.
You are small and have problems with some larger weapons.
You are carnivorous and can eat meat at any time.
You can eat rotten meat.


Message History

The goliath beetle is lightly wounded.
You slash the goliath beetle!
The goliath beetle is moderately wounded.
You hit the goliath beetle but do no damage.
The goliath beetle is moderately wounded.
You are no longer berserk.
You are exhausted.
You feel yourself slow down.
b - an uncursed blowgun (weapon)
The goliath beetle barely misses you.
Firing (i - inventory):
t - 16 poisoned needles (quivered)
Press: ? - help, Shift-Dir - straight line, f - goliath beetle
Aim: a goliath beetle (moderately wounded)
You shoot a poisoned needle.
The poisoned needle hits the goliath beetle.
The goliath beetle is poisoned.
The goliath beetle is moderately wounded.
The goliath beetle bites you!
Ouch! That really hurt!
You die...

. ... ... ...# #.#
...# # #.# ...#.###
#.# #..#..... #.#
#.......#. #.#
#..##.#...
#.######.........
#)...@B...........
#.#######.#.####. #.#
#.....# #.###.###.###
#...........# #
#.####.##.#.#
.....#.<(..(.....#
#........>....(...##.
#.##.###.#...(......


You could see a goliath beetle.

Vanquished Creatures
  A giant frog (D:6)
  A crimson imp (D:4)
  An orc priest (D:3)
  An orc wizard (D:3)
  An iguana (D:6)
  2 worker ants (D:5)
  6 adders
  4 worms
  6 giant geckos
  An ooze (D:2)
  8 orcs
  8 bats
  A bat skeleton (D:5)
  7 giant cockroaches
  15 goblins
  15 hobgoblins
  13 jackals
  10 kobolds
  3 quokkas
  6 giant newts
  A kobold skeleton (D:4)
  A kobold zombie (D:5)
  A quokka skeleton (D:5)
  6 rats
  A rat skeleton (D:4)
120 creatures vanquished.

Notes
Turn   | Place    | Note
--------------------------------------------------------------
     0 | D:1      | Leibowitz, the Kobold Berserker, began the quest for the Orb.
     0 | D:1      | Reached XP level 1. HP: 14/14 MP: 0/0
   202 | D:1      | Reached skill level 1 in Stealth
   210 | D:1      | Reached XP level 2. HP: 10/19 MP: 1/1
   558 | D:1      | Reached XP level 3. HP: 24/24 MP: 2/2
   571 | D:1      | Acquired Trog's second power
  1730 | D:2      | Reached XP level 4. HP: 29/29 MP: 3/3
  2331 | D:2      | Found a glowing golden altar of the Shining One.
  2451 | D:3      | Found a shattered altar of Ashenzari.
  2821 | D:3      | Reached XP level 5. HP: 33/33 MP: 4/4
  3276 | D:3      | Found an iron altar of Okawaru.
  3778 | D:4      | Reached XP level 6. HP: 23/39 MP: 5/5
  4170 | D:4      | Reached skill level 5 in Dodging
  4560 | D:4      | Acquired Trog's third power
  4836 | D:5      | Entered Level 5 of the Dungeon
  5151 | D:5      | Reached skill level 5 in Short Blades
  5392 | D:6      | Reached XP level 7. HP: 35/44 MP: 6/6
  5395 | D:6      | Reached skill level 6 in Dodging
  5408 | D:6      | Mangled by a goliath beetle

Action                   |  1- 3 |  4- 6 |  7- 9 || total
-------------------------+-------+-------+-------++-------
Melee: Short sword       |   150 |   547 |     9 ||   706
 Fire: Blowgun           |       |     4 |     1 ||     5
Invok: Berserk           |     1 |     2 |       ||     3
       Trog's Hand       |       |     1 |       ||     1
Evoke: Wand              |     1 |     2 |       ||     3
 Stab: Sleeping          |     4 |    16 |       ||    20
